 Dungeon Crawl Stone Soup version 0.19.1 (webtiles) character file.

75 ChaseSP the Insei (level 4, -5/35 HPs)
             Began as a Draconian Transmuter on Nov 29, 2016.
             Killed from afar by a white imp (9 damage)
             ... with a puff of frost
             ... summoned by Natasha
             ... on level 3 of the Dungeon.
             The game lasted 00:03:19 (1880 turns).

ChaseSP the Insei (Draconian Transmuter)            Turns: 1880, Time: 00:03:20

Health: -5/35      AC:  5    Str: 12    XL:     4   Next: 11%
Magic:  0/7        EV: 12    Int: 13    God:
Gold:   100        SH:  0    Dex: 13    Spells: 3 memorised, 1 level left

rFire  . . .     SeeInvis .       - Unarmed
rCold  . . .     Gourm    .     (armour unavailable)
rNeg   . . .     Faith    .     (no shield)
rPois  .         Spirit   +     (helmet restricted)
rElec  .         Reflect  .     (no cloak)
rCorr  .         Harm     .     (no gloves)
MR     .....                    (no boots)
Stlth  +.........               i - amulet of guardian spirit
                                (no ring)
                                (no ring)

@: appendage, very slightly contaminated, slowed, very slow
A: unfitting armour, horns 2, cold-blooded, AC +5
a: End Transformation


You were on level 3 of the Dungeon.
You were not hungry.
You had grown temporary horns.
You visited 1 branch of the dungeon, and saw 3 of its levels.

You collected 100 gold pieces.

Inventory:

Missiles
 a - 10 arrows
Jewellery
 g - an uncursed amulet of harm {unknown}
 i - an amulet of guardian spirit (around neck)
Scrolls
 e - a scroll of remove curse {unknown}
 f - a scroll of enchant weapon {unknown}
 l - a scroll of noise {unknown}
 o - a scroll of immolation {unknown}
Potions
 d - a potion of heal wounds {unknown}
 h - a potion of curing {unknown}
 m - a potion of lignification {unknown}
 n - a potion of agility {unknown}
Books
 b - a book of Changes

   Spells                             Type                      Level
   a - Beastly Appendage              Transmutation                1
   b - Sticks to Snakes               Transmutation                2
   c - Spider Form                    Transmutation/Poison         3
   d - Ice Form                       Ice/Transmutation            4
   e - Blade Hands                    Transmutation                5
Comestibles
 c - 5 bread rations
 k - 2 meat rations


   Skills:
 - Level 1.1 Fighting
 - Level 1.7 Dodging
 + Level 4.0 Unarmed Combat
 - Level 2.0 Spellcasting
 * Level 3.4 Transmutations
 + Level 0.4 Poison Magic


You had one spell level left.
You knew the following spells:

 Your Spells              Type           Power        Failure   Level  Hunger
a - Beastly Appendage     Tmut           ##....       10%         1    ##.....
b - Sticks to Snakes      Tmut           ##......     12%         2    ###....
c - Spider Form           Tmut/Pois      #.........   38%         3    ####...


Dungeon Overview and Level Annotations

Branches:
Dungeon (3/15)

Altars:

Annotations:
D:3 ChaseSP's ghost, amateur DrTm; Natasha


Innate Abilities, Weirdness & Mutations

Your plain brown scales are hard. (AC +5)
You cannot fit into any form of body armour.
You are cold-blooded and may be slowed by cold attacks.
You have a pair of horns on your head.


Message History

Natasha is heavily wounded.
The white imp misses you. Natasha claws you.
* * * LOW HITPOINT WARNING * * *
The white imp completely misses you. The goblin hits you but does no damage.
The white imp hits you.
* * * LOW HITPOINT WARNING * * *
The white imp freezes you.
* * * LOW HITPOINT WARNING * * *
Natasha claws you but does no damage.
The white imp lashes its tail.
The white imp barely misses you. The white imp gestures at you.
The puff of frost hits you!
* * * LOW HITPOINT WARNING * * *
You closely miss Natasha. Your headbutt misses Natasha.
Natasha is heavily wounded.
The goblin hits you but does no damage. The white imp gestures at you.
The puff of frost hits you!
You die...

.... #.### (.. #...
###.# ##.# .....## ##..#
#.# ......###.#.# #.#
#.†...#.#####.#
##.#........##[#
##.5..#.#.##.##.#
#.h@5.#.#.##.##.#
#...g5......##.##.##
#........#...##.#.<.###
..........#...##....)÷..
.#...##$%#....####...###
....# #.###...# ##.##
.... ... ..## #.# ###
### .# #.# ..#


You could see Natasha, 3 white imps and a goblin.

Vanquished Creatures
  An adder (D:2)
  An ooze (D:1)
  A worm (D:2)
  A dart slug (D:1)
  2 giant cockroaches
  6 goblins
  5 hobgoblins
  4 jackals (D:2)
  8 kobolds
  8 bats
  A frilled lizard (D:1)
  11 rats
49 creatures vanquished.

Vanquished Creatures (collateral kills)
  An adder (D:2)
  A hobgoblin (D:2)
2 creatures vanquished.

Grand Total: 51 creatures vanquished

Notes
Turn   | Place    | Note
-------+----------+-------------------------------------------
     0 | D:1      | ChaseSP the Draconian Transmuter began the quest for the Orb.
     0 | D:1      | Reached XP level 1. HP: 16/16 MP: 3/3
   145 | D:1      | Reached XP level 2. HP: 21/23 MP: 5/5
   152 | D:1      | Learned a level 2 spell: Sticks to Snakes
   739 | D:1      | Reached XP level 3. HP: 24/28 MP: 6/6
   744 | D:1      | Learned a level 3 spell: Spider Form
  1151 | D:2      | Reached skill level 4 in Unarmed Combat
  1515 | D:2      | Reached XP level 4. HP: 28/35 MP: 7/7
  1643 | D:3      | Noticed ChaseSP's ghost (amateur DrTm)
  1869 | D:3      | Noticed Natasha
  1880 | D:3      | Killed from afar by a white imp

Skill      XL: |  1  2  3 |
---------------+----------+-----
Unarmed Combat | 4 |  4.0
Transmutations | 3 |  3.4
Fighting       | |  1.1
Dodging        | |  1.7
Spellcasting   | |  2.0
Poison Magic   | |  0.4

Action                   |  1- 3 |  4- 6 || total
-------------------------+-------+-------++-------
Melee: Unarmed           |   172 |    41 ||   213
       Tailslap          |    11 |     3 ||    14
       Punch             |     1 |       ||     1
       Kick              |     2 |       ||     2
 Cast: Sticks to Snakes  |     2 |       ||     2
       Beastly Appendage |     1 |     1 ||     2
       Spider Form       |       |     1 ||     1
 Stab: Sleeping          |     2 |       ||     2
  Eat: Chunk             |     2 |     2 ||     4
Armor: Skin              |    61 |    15 ||    76
Dodge: Dodged            |   125 |    39 ||   164
